[Event "*** Titled Tuesday Blitz"]
[Site "Chess.com"]
[Date "2020.05.26"]
[Round "3"]
[White "Chess_Boxer123"]
[Black "Grandmaster2B"]
[Result "0-1"]
[WhiteElo "2704"]
[BlackElo "2440"]
[TimeControl "180+1"]
[EndTime "10:28:02 PDT"]
[Termination "Grandmaster2B won by resignation"]

1. d4 Nf6 2. Bf4 e6 3. e3 c5 4.
Nf3 Nc6 5. c3 d5 6. Nbd2 Bd6 7.
Bg3 O-O 8. Bd3 cxd4 9. exd4 Qc7 10. Qe2 Re8 11. Ne5 g6 12. h4 Nd7 13. Ndf3 f6 14. Nxd7 Bxd7 15. h5 Bxg3 16. hxg6 hxg6 17. Bxg6 Re7 18.
fxg3 Qxg3+ 19. Kd2 Qxg6 20. g4 e5 21. g5 exd4 22.
Qh2 Rh7 23. Qd6 dxc3+ 24. bxc3 Rd8 25. Rxh7 Qxh7 26. Rg1 f5 27. g6 Qe7 28. Qh2 f4 29. g7 Qe3+ 30. Kc2 Bf5+ 31. Kb2 Bh7 32. Ng5 Qd3 33. Qxf4 Qc2+ 34. Ka3 Qxc3+ 35. Ka4 Bc2+ 36. Kb5 Nd4+ 37. Qxd4 Qxd4 0-1

[Event "*** Titled Tuesday Blitz"]
[Site "Chess.com"]
[Date "2020.05.26"]
[Round "3"]
[White "SiddharthGMJagadeesh"]
[Black "Twitch_ElhamBlitz05"]
[Result "1-0"]
[WhiteElo "2420"]
[BlackElo "2594"]
[TimeControl "180+1"]
[EndTime "10:28:02 PDT"]
[Termination "SiddharthGMJagadeesh won on time"]

1. Nf3 Nf6 2. c4 d6 3. d4 g6 4. g3 Bg7 5. Bg2 O-O 6. O-O c6 7. Nc3 Nbd7 8. b3 e5 9. Qc2 Re8 10. dxe5 Nxe5 11. Nxe5 dxe5 12. Bg5 Bf5 13. Ne4 h6 14.
Bxf6 Bxf6 15. Nxf6+ Qxf6 16. Qc3 Rad8 17. Rad1 Qe7 18. Qe3 Kg7 19. Rxd8 Rxd8 20. Qxa7 Rd2 21. Bxc6 Bc8 22. Bf3 e4 23. Qe3 Rxa2 24. Bxe4 Qf6 25. Rd1 Qe5 26. Kg2 Rb2 27. Rd5 Qf6 28. Rb5 h5 29.
Bxb7 Bd7 30. Rb6 Qd8 31. Qd4+ Kh7 32. Rd6 Rxe2 33. Rxd7 Qe8 34. Bf3 Re1 35. Qd5 Kg7 36. Qd4+ Kh7 37. Rd8 1-0

[Event "*** Titled Tuesday Blitz"]
[Site "Chess.com"]
[Date "2020.05.26"]
[Round "3"]
[White "Alexander_Moskalenko"]
[Black "Atanejhad"]
[Result "1-0"]
[WhiteElo "2792"]
[BlackElo "2444"]
[TimeControl "180+1"]
[EndTime "10:28:03 PDT"]
[Termination "Alexander_Moskalenko won on time"]

1. e4 c5 2. c3 d5 3. exd5 Qxd5 4. d4 Nc6 5. Nf3 Bf5 6. Be2 Bxb1 7. Rxb1 cxd4 8. cxd4 Nf6 9. a3 e6 10. O-O Be7 11.
Be3 O-O 12. h3 Rfd8 13. Rc1 Rac8 14. Qa4 a6 15. Rfd1 Ne4 16. Bc4 Qh5 17. Be2 Qa5 18. Qc2 Nf6 19. Qb1 Nd5 20. Bd2 Qb6 21. Bd3 h6 22. Be1 Nf4 23. Bf1 Bf6 24. Qe4 Nd5 25. b4 Nde7 26. Rc5 Rd5 27. Bc4 Rd6 28. h4 Rcd8 29. g4 Nxd4 30. Rc1 Nxf3+ 31. Qxf3 R6d7 32.
Rh5 Ng6 33. g5 Ne5 34. Qe2 hxg5 35. hxg5 Be7 36. Qxe5 Rd1 37. Qh2 f6 38. g6 1-0

[Event "*** Titled Tuesday Blitz"]
[Site "Chess.com"]
[Date "2020.05.26"]
[Round "3"]
[White "ulkaf961"]
[Black "RestartingChess"]
[Result "1-0"]
[WhiteElo "2200"]
[BlackElo "2463"]
[TimeControl "180+1"]
[EndTime "10:28:03 PDT"]
[Termination "ulkaf961 won by resignation"]

1. b3 Nf6 2. Bb2 g6 3. g3 Bg7 4.
Bg2 O-O 5. Nf3 d5 6. O-O c5 7. c4 d4 8. e3 dxe3 9. dxe3 Nc6 10. Nc3 Bf5 11. Qxd8 Raxd8 12. Rad1 e6 13. Na4 b6 14.
Nh4 Be4 15. Bxf6 Bxg2 16. Bxd8 Bxf1 17. Bxb6 Be2 18. Rd2 axb6 19. Rxe2 Ne5 20. f4 Ng4 21. Kg2 Rb8 22. h3 Nf6 23. e4 h6 24. Nf3 b5 25. cxb5 Rxb5 26. Ne5 Bf8 27. Nc4 Be7 28. Kf3 Kg7 29. Rd2 Rb7 30. g4 g5 31. f5 exf5 32.
gxf5 h5 33. e5 g4+ 34. Kf4 Nh7 35. f6+ Nxf6 36. exf6+ Bxf6 37. hxg4 hxg4 38. Kxg4 Bd4 39. Kf5 Rd7 40. Nxc5 Rd5+ 41. Ke4 Rxc5 42. Kxd4 Rb5 43.
Rg2+ Kf6 44. Rg3 Ke6 45. a4 Rb8 46. a5 Rd8+ 47. Kc3 Rc8 48. b4 Kd5 49. Rd3+ Ke4 50. Rd4+ Kf3 51. b5 f5 52. a6 f4 53. b6 Ke2 54. Rxf4 Rc6 55. a7 1-0

[Event "*** Titled Tuesday Blitz"]
[Site "Chess.com"]
[Date "2020.05.26"]
[Round "3"]
[White "Vandros57"]
[Black "MichailovM"]
[Result "1/2-1/2"]
[WhiteElo "2196"]
[BlackElo "2399"]
[TimeControl "180+1"]
[EndTime "10:28:03 PDT"]
[Termination "Game drawn by repetition"]

1. d4 Nf6 2. Nf3 g6 3. c4 c5 4.
e3 Bg7 5. Nc3 O-O 6. Be2 d6 7.
O-O Nc6 8. b3 a6 9. Bb2 Rb8 10.
Rc1 Qa5 11. a4 Bf5 12. Ba3 Rfd8 13. d5 Nb4 14. Bxb4 Qxb4 15. Nd2 Bd7 16. Qc2 e6 17. e4 exd5 18. Nxd5 Nxd5 19. exd5 Re8 20. Bd3 Qb6 21. g3 Re7 22. Rfe1 Rbe8 23. Rxe7 Rxe7 24.
Bf1 Bf5 25. Bd3 Bxd3 26. Qxd3 Qd8 27. Kg2 Qe8 28. Nf3 h6 29. h4 Re2 30. Kf1 Re4 31. Re1 Rxe1+ 32. Nxe1 Qe5 33. Nf3 Qb2 34. Kg2 h5 35.
Nd2 Bd4 36. Kf3 Kg7 37. Ne4 Be5 38. Nd2 Kf6 39. Ne4+ Ke7 40. Nd2 Qd4 41. Qxd4 Bxd4 42. Ne4 Be5 43. Ke2 f6 44. f4 Bd4 45. Nd2 Bc3 46. Ne4 Bb4 47. Nf2 Bc3 48. Ne4 Bd4 49.
Nd2 Bc3 50. Ne4 1/2-1/2

[Event "*** Titled Tuesday Blitz"]
[Site "Chess.com"]
[Date "2020.05.26"]
[Round "3"]
[White "Spartakus1975"]
[Black "Crazy_girl99"]
[Result "1-0"]
[WhiteElo "2683"]
[BlackElo "2415"]
[TimeControl "180+1"]
[EndTime "10:28:04 PDT"]
[Termination "Spartakus1975 won by resignation"]

1. e4 e5 2. Bc4 Nc6 3. Nc3 Nf6 4. d3 Na5 5. Bb3 Bb4 6. Nf3 d6 7. O-O Nxb3 8. axb3 h6 9. Ne2 Bc5 10. Ng3 O-O 11. Be3 Re8 12. h3 c6 13. Bxc5 dxc5 14.
Nd2 Be6 15. Kh2 Qc7 16. Qe2 a6 17. Qe3 Nd7 18. f4 exf4 19. Rxf4 Rad8 20. Raf1 Nf8 21.
Kh1 Ng6 22. R4f2 Qe5 23. Nc4 Bxc4 24. bxc4 Rd7 25. b3 b6 26. Nf5 a5 27. h4 Nf8 28. Rf4 Ne6 29. Rg4 Kh7 30. Rf3 f6 31. Rfg3 Qa1+ 32. Kh2 Qe5 33. Rxg7+ Rxg7 34. Qxh6+ Kg8 35. Nxg7 Kf7 36. Qh7 Nxg7 37. Qxg7+ Ke6 38. Kh3 Re7 39. Qg4+ Kd6 40. Rf3 Kc7 41. Qf4 Kd6 42. Qxf6+ Re6 43. Qxe5+ Kxe5 44. c3 Kd6 45. g4 b5 46. g5 a4 47. bxa4 bxa4 48. h5 a3 49. Rf2 Re5 50. Kg4 Re8 51. h6 Ra8 52. h7 Ke5 53. Ra2 Rh8 54. g6 Kf6 55. Kh5 Re8 56. Rxa3 1-0

[Event "*** Titled Tuesday Blitz"]
[Site "Chess.com"]
[Date "2020.05.26"]
[Round "3"]
[White "DortmundCity"]
[Black "MarceloPlaya"]
[Result "1-0"]
[WhiteElo "2581"]
[BlackElo "2371"]
[TimeControl "180+1"]
[EndTime "10:28:04 PDT"]
[Termination "DortmundCity won on time"]

1. e4 e6 2. d4 d5 3. e5 c5 4. c3 Nc6 5. Be3 Qb6 6. Qd2 Nge7 7. Bd3 Ng6 8. Nf3 Be7 9. h4 c4 10. Be2 O-O 11. h5 Nh8 12. h6 g6 13. Qc2 f5 14.
exf6 Bxf6 15. b3 cxb3 16. axb3 Nf7 17. Nbd2 Bd7 18. Bd3 Ne7 19. Bf4 Rac8 20. Ne5 Nxe5 21. dxe5 Bh8 22. Bg3 Nf5 23. Bxf5 Rxf5 24. Nf3 Bb5 25.
Qd2 Qc5 26. Rc1 a5 27. Nd4 Bxe5 28. Nxf5 Bxc3 29. Rxc3 Qxc3 30. Qxc3 Rxc3 31. Ne7+ Kf7 32. Rh3 Rxb3 33. Nc8 Rb1+ 34. Kd2 a4 35. Be5 Rb3 36. Rxb3 axb3 37. Nd6+ Ke7 38. Nxb5 Kd7 39. Kc3 1-0

[Event "*** Titled Tuesday Blitz"]
[Site "Chess.com"]
[Date "2020.05.26"]
[Round "3"]
[White "eljanov"]
[Black "CHESSMASTER759"]
[Result "1/2-1/2"]
[WhiteElo "2875"]
[BlackElo "2651"]
[TimeControl "180+1"]
[EndTime "10:28:05 PDT"]
[Termination "Game drawn by repetition"]

1. Nf3 Nf6 2. g3 g6 3. Bg2 Bg7 4. O-O O-O 5. c4 d6 6. d4 c6 7. Nc3 Qa5 8. h3 e5 9. e4 Nbd7 10. Re1 exd4 11. Nxd4 Ne5 12. Bf1 Be6 13. Nxe6 fxe6 14. Bf4 Nf7 15. Bg2 e5 16. Be3 Rad8 17. a3 Bh6 18. b4 Qc7 19. Qd2 Bxe3 20. Qxe3 a6 21. Red1 Kg7 22. Rd2 h5 23. Rad1 h4 24.
g4 Nh7 25. c5 dxc5 26. Qxc5 Nhg5 27. Nd5 Qb8 28. Nb6 Rxd2 29. Rxd2 Rd8 30. Nd7 Qc7 31. Qe7 Kh8 32. Qf6+ Kh7 33. Qe7 Kh8 34. Kh1 a5 35.
Bf1 Nxe4 36. Qxf7 Nxd2 37. Qf6+ Kh7 38. Qe7+ Kh8 39. Qxh4+ Kg7 40. Qe7+ Kh8 41. Qf6+ Kh7 42. Qe7+ Kh8 43. Qh4+ Kg7 44. Qf6+ Kh7 45. Qe7+ Kh8 1/2-1/2

[Event "*** Titled Tuesday Blitz"]
[Site "Chess.com"]
[Date "2020.05.26"]
[Round "3"]
[White "A-Fier"]
[Black "tsvet2005"]
[Result "0-1"]
[WhiteElo "2744"]
[BlackElo "2532"]
[TimeControl "180+1"]
[EndTime "10:28:06 PDT"]
[Termination "tsvet2005 won by checkmate"]

1. e4 c5 2. Nf3 d6 3. d4 cxd4 4.
Nxd4 Nf6 5. Nc3 a6 6. Bg5 Nbd7 7. f4 Qc7 8. Qf3 b5 9. O-O-O Bb7 10. g4 g6 11. Bxf6 Nxf6 12. g5 Nd7 13. h4 Bg7 14.
Bh3 Nb6 15. h5 Qc4 16. Bf1 Qc5 17.
Nb3 Qc7 18. Nd5 Bxd5 19. exd5 Na4 20. Nd4 Qc5 21. Qd3 Rc8 22. Rh2 Qxd5 23. h6 Bxd4 24. Qxd4 Qxd4 25. Rxd4 O-O 26. Re2 Rfe8 27. Bh3 Rcd8 28.
b3 Nc5 29. Kb2 Kf8 30. Bg2 Rc8 31. Bh3 Rc7 32. c4 bxc4 33. Rxc4 e6 34. Rd4 Ke7 35. b4 Na4+ 36. Kb3 Nc3 37. Re3 Nb5 38. Rd2 Rec8 39. Rdd3 d5 40. a4 Nd6 41. Rxd5 Rc1 42. Rdd3 Rb1+ 43. Ka2 Rxb4 44. Rb3 Rxa4+ 45. Kb1 Rc7 46. f5 gxf5 47. Rb8 Nc4 48. Re2 Na3+ 49. Kb2 Nc4+ 50. Kb3 Ra3+ 51. Kb4 a5+ 52. Kb5 Rb3+ 53. Ka6 Rxb8 54.
Bxf5 Rb6# 0-1

[Event "*** Titled Tuesday Blitz"]
[Site "Chess.com"]
[Date "2020.05.26"]
[Round "3"]
[White "AEMEffi"]
[Black "Ariadna_Atreides"]
[Result "1-0"]
[WhiteElo "2301"]
[BlackElo "2062"]
[TimeControl "180+1"]
[EndTime "10:28:06 PDT"]
[Termination "AEMEffi won by resignation"]

1. d4 e6 2. c4 Bb4+ 3. Bd2 Qe7 4. Nf3 Nf6 5. a3 Bxd2+ 6. Nbxd2 c5 7. e3 Nc6 8. dxc5 Qxc5 9. b4 Qf5 10. Qb1 Qxb1+ 11.
Rxb1 a6 12. c5 Ke7 13. Nc4 Ne4 14.
Bd3 d5 15. Nb6 Rb8 16. Bxe4 dxe4 17. Nd2 f5 18. Ndc4 e5 19. Nd6 Be6 20. O-O Na7 21.
Rfd1 Nb5 22. Nxb5 axb5 23. Rd6 Rbd8 24. Rbd1 Bb3 25. R1d2 Rxd6 26. Rxd6 Be6 27. Kf1 Rd8 28.
Rxd8 Kxd8 29. f3 exf3 30. gxf3 e4 31. fxe4 fxe4 32. h4 g6 33. Kf2 h6 34. Kg3 g5 35. a4 Bd7 36. axb5 Bxb5 37. hxg5 hxg5 38. Kg4 Ke7 39. Kxg5 Ke6 40. Kf4 Bd3 41. Nc8 Kd5 42.
Nd6 Bc2 43. Nxb7 Kc4 44. c6 Ba4 45. c7 Bd7 46. c8=Q+ Bxc8 47. Nd6+ Kxb4 48. Nxc8 Kc5 49. Kxe4 1-0

[Event "*** Titled Tuesday Blitz"]
[Site "Chess.com"]
[Date "2020.05.26"]
[Round "3"]
[White "vanea_03"]
[Black "Andreikka"]
[Result "1-0"]
[WhiteElo "2686"]
[BlackElo "2927"]
[TimeControl "180+1"]
[EndTime "10:28:07 PDT"]
[Termination "vanea_03 won by checkmate"]

1. d4 Nf6 2. c4 e6 3. g3 d5 4. Bg2 dxc4 5. Nf3 a6 6. O-O Nc6 7. e3 Rb8 8. Qe2 b5 9. b3 cxb3 10. axb3 Bb7 11. Bb2 Be7 12. Rc1 Nb4 13. Nbd2 O-O 14.
Ne5 Bxg2 15. Kxg2 Qd5+ 16. Qf3 Rfc8 17. Nc6 Nxc6 18. Rxc6 a5 19. Ba3 Bb4 20. Bxb4 axb4 21. Ra7 Qd7 22. Rc5 Nd5 23. Qe4 Ra8 24. Rxa8 Rxa8 25.
Nf3 h6 26. Ne5 Qe8 27. Qd3 Ra3 28. e4 Nc3 29. Rxc7 f6 30. Nc6 Rxb3 31. d5 exd5 32.
Ne7+ Kf8 33. exd5 Qd8 34. d6 Qa8+ 35. Kh3 Qh1 36. Ng6+ Kg8 37. d7 Ne4 38. d8=Q+ Kh7 39. Nf8+ Kh8 40. Nd7+ Kh7 41. Nxf6+ Kg6 42. Qxe4+ Kg5 43.
Qg4# 1-0

[Event "*** Titled Tuesday Blitz"]
[Site "Chess.com"]
[Date "2020.05.26"]
[Round "3"]
[White "BEEkhishig"]
[Black "BocharovD"]
[Result "0-1"]
[WhiteElo "2608"]
[BlackElo "2827"]
[TimeControl "180+1"]
[EndTime "10:28:07 PDT"]
[Termination "BocharovD won by checkmate"]

1. c4 c5 2. Nc3 g6 3. g3 Bg7 4. Bg2 Nc6 5. Nf3 d6 6. O-O e5 7. d3 Nge7 8. Rb1 O-O 9. a3 a5 10. Nd5 Nxd5 11. cxd5 Ne7 12. Nd2 a4 13. b4 axb3 14. Qxb3 Ra6 15. Nc4 Qc7 16. a4 Ra7 17.
a5 Ra6 18. Bd2 Rd8 19. e4 f5 20. Bc3 g5 21. f4 gxf4 22. gxf4 Ng6 23. fxe5 Nxe5 24. Bxe5 Bxe5 25. Nxe5 dxe5 26. exf5 Kh8 27. Be4 Rxa5 28. Kh1 Ra6 29. Rg1 Rf6 30. Rg5 Rdf8 31.
Rbg1 Qf7 32. Qb2 Bxf5 33. Qxe5 Re8 34. Qc3 Bg6 35. Bxg6 hxg6 36. Qxc5 Kh7 37. Qd4 Rf4 38. Qc5 Re2 39. d6 Rff2 40. R5g2 Rxg2 41. Rxg2 Re1+ 42. Rg1 Qf3# 0-1

[Event "*** Titled Tuesday Blitz"]
[Site "Chess.com"]
[Date "2020.05.26"]
[Round "3"]
[White "elamier"]
[Black "Mikasinski"]
[Result "0-1"]
[WhiteElo "2098"]
[BlackElo "2378"]
[TimeControl "180+1"]
[EndTime "10:28:07 PDT"]
[Termination "Mikasinski won on time"]

1. d4 Nf6 2. Bg5 d5 3. Bxf6 exf6 4. e3 Be7 5. c4 Be6 6. cxd5 Bxd5 7. Nc3 Be6 8. Bd3 O-O 9. Nge2 c5 10. dxc5 Bxc5 11. O-O g6 12. Nf4 Nc6 13. Nxe6 fxe6 14. Bc4 Qe7 15.
Qg4 Rfe8 16. Rad1 Ne5 17. Qh4 Kg7 18. Bb3 Red8 19. Ne4 Bb6 20. h3 g5 21. Qh5 Ng6 22.
Kh1 Qb4 23. Nc3 Qe7 24. Rde1 Bc7 25. Ne4 h6 26. Rc1 f5 27. Nc5 Nf8 28. Nxb7 Rd2 29. Qf3 Rb8 30. Qc6 Rxb2 31. Qxc7 Rxb7 32. Qxe7+ Rxe7 33.
Rc6 Kf6 34. g3 Ng6 35. Rd1 Rxf2 36. Rdd6 Nf8 0-1

[Event "*** Titled Tuesday Blitz"]
[Site "Chess.com"]
[Date "2020.05.26"]
[Round "3"]
[White "louis198"]
[Black "Zurability"]
[Result "1-0"]
[WhiteElo "2509"]
[BlackElo "2712"]
[TimeControl "180+1"]
[EndTime "10:28:09 PDT"]
[Termination "louis198 won by resignation"]

1. d4 Nf6 2. Bf4 g6 3. e3 Bg7 4. h3 O-O 5. Nf3 d6 6. Bc4 Nfd7 7. O-O e5 8. Bh2 Nc6 9. a4 h6 10. c3 Kh7 11. b4 e4 12. Nfd2 f5 13. Nb3 Ne7 14.
b5 g5 15. N1d2 Nf6 16. a5 Ng6 17. f3 d5 18. Be2 f4 19. fxe4 Nxe4 20. Nxe4 dxe4 21.
Bh5 f3 22. Bxg6+ Kxg6 23. Qc2 fxg2 24. Qxe4+ Bf5 25. Qxg2 Qe7 26. Rae1 Be4 27. Qg3 Bd5 28.
Nd2 Rxf1+ 29. Rxf1 Rf8 30. Rxf8 Bxf8 31. Qe5 Qxe5 32. Bxe5 c6 33. e4 Be6 34. a6 bxa6 35.
bxc6 Bxh3 36. d5 Kf7 37. Bd4 a5 38. e5 a4 39. e6+ Bxe6 40. dxe6+ Kxe6 41. Kf2 a3 42. c4 Kd6 43. Bc5+ Kxc5 44. c7 a2 45. c8=Q+ Kb4 46.
Qxf8+ Kc3 47. Qa3+ 1-0

[Event "*** Titled Tuesday Blitz"]
[Site "Chess.com"]
[Date "2020.05.26"]
[Round "3"]
[White "awesomevishesh"]
[Black "chessdjw"]
[Result "0-1"]
[WhiteElo "2419"]
[BlackElo "2703"]
[TimeControl "180+1"]
[EndTime "10:28:09 PDT"]
[Termination "chessdjw won on time"]

1. d4 Nf6 2. c4 g6 3. Nc3 d5 4.
cxd5 Nxd5 5. e4 Nxc3 6. bxc3 Bg7 7. Bc4 c5 8. Ne2 Nc6 9. Be3 O-O 10. O-O Qc7 11.
Rc1 Bg4 12. f3 Bd7 13. Qd2 Rad8 14. h4 Na5 15. Bd3 e5 16. d5 c4 17. Bc2 b6 18.
h5 Nb7 19. a4 Nd6 20. Ra1 Rde8 21. a5 b5 22. a6 f5 23. hxg6 hxg6 24. Nc1 f4 25.
Bf2 g5 26. Na2 g4 27. fxg4 Bxg4 28. Nb4 Rf6 29. Nc6 Qf7 30. Bxa7 Qh5 31. Bc5 Rh6 32. Bxd6 Qh2+ 33. Kf2 Rxd6 34. a7 Qg3+ 35. Kg1 Rh6 36. a8=Q Qh2+ 37. Kf2 Qg3+ 38. Kg1 Rxa8 39. Rxa8+ Kh7 40.
d6 Bf6 0-1

[Event "*** Titled Tuesday Blitz"]
[Site "Chess.com"]
[Date "2020.05.26"]
[Round "3"]
[White "Alexander_Donchenko"]
[Black "AnishGiri"]
[Result "1-0"]
[WhiteElo "2697"]
[BlackElo "2967"]
[TimeControl "180+1"]
[EndTime "10:28:10 PDT"]
[Termination "Alexander_Donchenko won by resignation"]

1. e4 c5 2. Nf3 e6 3. g3 Nc6 4.
Bg2 Nf6 5. Qe2 e5 6. O-O g6 7. c3 d6 8. a3 Bg7 9. b4 O-O 10. d3 a6 11. Nbd2 Re8 12. Bb2 Rb8 13. Nc4 b5 14. Ne3 h6 15. Nd5 Be6 16. Nd2 a5 17.
Rfc1 axb4 18. cxb4 Nd4 19. Bxd4 cxd4 20. Nc7 Bg4 21. Bf3 Re7 22. Bxg4 Rxc7 23. Bh3 Ra8 24. Nb3 Rxc1+ 25. Rxc1 h5 26. Na5 Bh6 27. Rc6 Qf8 28. Qa2 Kg7 29. Rc7 Re8 30. Nc6 Kg8 31. a4 bxa4 32. b5 h4 33. b6 hxg3 34. hxg3 d5 35.
b7 dxe4 36. b8=Q Rxb8 37. Nxb8 e3 38. Rc8 Ne8 39. Nd7 Qb4 40. Rxe8+ Kg7 41. Re7 Qb3 42. Qxb3 axb3 43. Nxe5 e2 44. Nf3 b2 45. Rb7 Bc1 46.
Bf1 exf1=Q+ 47. Kxf1 1-0

[Event "*** Titled Tuesday Blitz"]
[Site "Chess.com"]
[Date "2020.05.26"]
[Round "3"]
[White "crescentmoon2411"]
[Black "Munkhzul_Turmunkh"]
[Result "0-1"]
[WhiteElo "2757"]
[BlackElo "2554"]
[TimeControl "180+1"]
[EndTime "10:28:10 PDT"]
[Termination "Munkhzul_Turmunkh won on time"]

1. e4 c5 2. Nf3 d6 3. Bb5+ Nd7 4. O-O Nf6 5. Re1 a6 6. Bf1 e5 7. c3 Be7 8. d4 O-O 9. Nbd2 b5 10. a4 cxd4 11.
cxd4 b4 12. Nc4 Bb7 13. d5 a5 14. Qc2 Nc5 15. b3 Rc8 16. Bd3 Ba6 17. Be3 Nfd7 18. Nfd2 Nxd3 19. Qxd3 Nc5 20. Qc2 h6 21. Rac1 Bg5 22.
Bxg5 Qxg5 23. Nxd6 Nxb3 24. Nxc8 Nxc1 25. Nf3 Qf6 26. Na7 Nd3 27. Rd1 Nf4 28. Nc6 Be2 29. Nfxe5 Bxd1 30. Qxd1 Re8 31. d6 Rxe5 32. Nxe5 Qxe5 33.
d7 Ne6 34. d8=Q+ Nxd8 35. Qxd8+ Kh7 36. h3 b3 37. Qb6 b2 38. g3 Qc3 39. Kg2 Qc2 40.
Qb5 Qxe4+ 0-1

[Event "*** Titled Tuesday Blitz"]
[Site "Chess.com"]
[Date "2020.05.26"]
[Round "3"]
[White "2L8IWUN"]
[Black "ZarinaShafigullina"]
[Result "1-0"]
[WhiteElo "2545"]
[BlackElo "2342"]
[TimeControl "180+1"]
[EndTime "10:28:10 PDT"]
[Termination "2L8IWUN won by resignation"]

1. d4 Nf6 2. Nf3 e6 3. Bf4 b6 4. e3 Bb7 5. Nbd2 c5 6. Nc4 d5 7. Nce5 Nbd7 8. Bb5 a6 9. Ng5 axb5 10. Nexf7 Qc8 11.
Nxh8 h6 12. Nxe6 g5 13. Bg3 Ke7 14. Nxf8 Nxf8 15. h4 Qf5 16. hxg5 hxg5 17. Qf3 Bc8 18. a3 Qxf3 19. gxf3 Bf5 20. O-O-O N8h7 21. Bc7 Rxh8 22. Bxb6 c4 23. Bc5+ Kd7 24. Rh6 Rg8 25. Rdh1 g4 26. fxg4 Rxg4 27. R6h2 Ke6 28. b3 cxb3 29. cxb3 Ng5 30.
a4 bxa4 31. bxa4 Nf3 32. Rh8 Rg2 33. a5 Rxf2 34. a6 Rc2+ 35. Kd1 Rd2+ 36. Kc1 Rc2+ 37. Kb1 Rxc5+ 38. Kb2 Ra5 39. Ra1 Rxa1 40. Kxa1 Nd7 41. a7 Nb6 42. Rh6+ Kd7 43. Rxb6 Nd2 44. a8=Q Nc4 45.
Qxd5+ 1-0

[Event "*** Titled Tuesday Blitz"]
[Site "Chess.com"]
[Date "2020.05.26"]
[Round "3"]
[White "DonPreuss"]
[Black "Chigorinetz"]
[Result "0-1"]
[WhiteElo "2244"]
[BlackElo "2497"]
[TimeControl "180+1"]
[EndTime "10:28:10 PDT"]
[Termination "Chigorinetz won on time"]

1. d4 d5 2. e4 dxe4 3. Nc3 Nf6 4. f3 c5 5. d5 exf3 6. Nxf3 a6 7. Be2 g6 8. O-O Bg7 9. Bg5 O-O 10. Qd2 b5 11. Rad1 Bb7 12. d6 Qxd6 13. Qxd6 exd6 14. Rxd6 Ne4 15. Nxe4 Bxe4 16. c3 f6 17. Be3 Re8 18. Bxc5 Bf8 19. Bd1 Bxd6 20. Bxd6 Nc6 21. Bb3+ Kg7 22. Nd4 Nxd4 23. cxd4 Rad8 24. Bc5 Bd5 25. Bxd5 Rxd5 26. Rf3 a5 27. Rb3 b4 28. a3 bxa3 29. Rxa3 Re2 30. b3 Rg5 31. g3 Rf5 32. Rxa5 g5 33. Ra7+ Kg6 34. Re7 Rb2 35. Re8 Rff2 36. d5 Rg2+ 37. Kf1 Rgc2 38. b4 Rxh2 39. d6 Rh1+ 40. Bg1 Rb1+ 41. Re1 Rxg1+ 42. Kxg1 Rxe1+ 43. Kf2 Rd1 0-1

[Event "*** Titled Tuesday Blitz"]
[Site "Chess.com"]
[Date "2020.05.26"]
[Round "3"]
[White "Tayson_7"]
[Black "Chepaschess"]
[Result "1-0"]
[WhiteElo "2624"]
[BlackElo "2801"]
[TimeControl "180+1"]
[EndTime "10:28:11 PDT"]
[Termination "Tayson_7 won on time"]

1. e4 c6 2. d4 d5 3. f3 e6 4. Nc3 Bb4 5. Bd2 Ne7 6. Nce2 Bxd2+ 7. Qxd2 Nd7 8. Nf4 dxe4 9. fxe4 e5 10. dxe5 Nxe5 11. Qxd8+ Kxd8 12. Nf3 N7g6 13. O-O-O+ Ke7 14. Nxg6+ Nxg6 15. Bc4 Bg4 16. Rdf1 Bxf3 17. gxf3 Nf4 18. Rhg1 Rhg8 19. Kd2 g5 20. Ke3 h6 21. h4 Kf6 22.
hxg5+ hxg5 23. Rd1 Ke7 24. a4 a5 25. Rd2 Rab8 26.
Rgd1 Rgd8 27. Rxd8 Rxd8 28. Rxd8 Kxd8 29. Bxf7 Ke7 30.
Bc4 Kd6 31. Kd4 c5+ 32. Kc3 Ke5 33. Bf1 Ne6 34. Kc4 Nd4 35. Kxc5 Nxf3 36. Kb6 Nd2 37. Be2 g4 38. Bxg4 Nc4+ 39. Kb5 Nxb2 40. Bf5 Kd4 41. Kxa5 Kc5 42. Be6 Nd1 43. Bd5 Ne3 44. Bxb7 Nxc2 45. Ka6 Kb4 46. a5 1-0

[Event "*** Titled Tuesday Blitz"]
[Site "Chess.com"]
[Date "2020.05.26"]
[Round "3"]
[White "malakismayil"]
[Black "Shankovskyi"]
[Result "0-1"]
[WhiteElo "2282"]
[BlackElo "2536"]
[TimeControl "180+1"]
[EndTime "10:28:12 PDT"]
[Termination "Shankovskyi won by resignation"]

1. e4 e5 2. Nf3 Nc6 3. Bc4 Nf6 4. Nc3 Be7 5. d3 O-O 6. O-O d6 7. h3 Na5 8. Bb3 Nxb3 9. axb3 a6 10. d4 Nd7 11. dxe5 Nxe5 12. Bf4 Nxf3+ 13. Qxf3 Be6 14. Rad1 Qc8 15. Nd5 Bxd5 16. Rxd5 Bf6 17. c3 Re8 18. Rf5 Qe6 19. Qg3 g6 20. f3 Bh4 21. Qg4 h5 22.
Qxh4 gxf5 23. Qxh5 Qg6 24. Qh4 Re6 25. Rd1 c6 26.
exf5 Qxf5 27. Kh2 d5 28. Rd4 Kg7 29. Bg3 Rh8 30. Rg4+ Rg6 31. Rxg6+ fxg6 32. Qe7+ Kh6 33. Qxb7 Qe6 34. Bf4+ g5 35. Bg3 Kg6 36. Qb4 Re8 37.
Qd4 Qf6 38. Qd3+ Qf5 39. Qd4 Re2 40. Qc5 Qxf3 41. Qd6+ Kh5 42. Bf2 Rxf2 43. Qg3 Qxg3+ 44. Kxg3 Rxb2 45. b4 Rb3 46. Kh2 Rxc3 47. b5 axb5 48. g4+ Kh4 49. Kg2 b4 50. Kf2 b3 0-1

[Event "*** Titled Tuesday Blitz"]
[Site "Chess.com"]
[Date "2020.05.26"]
[Round "3"]
[White "Gerodot71"]
[Black "Konek-Gorbunok"]
[Result "0-1"]
[WhiteElo "2380"]
[BlackElo "2225"]
[TimeControl "180+1"]
[EndTime "10:28:13 PDT"]
[Termination "Konek-Gorbunok won by resignation"]

1. d4 c5 2. d5 e5 3. e4 d6 4. Nc3 Nf6 5. a4 g6 6. h3 Bg7 7. Nf3 O-O 8. Be2 Ne8 9. O-O f5 10. Nd2 f4 11. Bg4 Nf6 12. Bxc8 Qxc8 13. Nc4 Ne8 14. f3 Nd7 15. Nb5 Qb8 16. a5 Ndf6 17.
Qd3 Qd8 18. a6 b6 19. Bd2 g5 20. c3 h5 21. Kf2 g4 22. hxg4 hxg4 23. Ke2 Qd7 24. Nca3 Nc7 25. Rac1 Nfe8 26. Kd1 Nxa6 27. Nxd6 Qa4+ 28. Nc2 Nxd6 29. Ra1 c4 30. Rxa4 cxd3 31.
Ne1 Nc5 32. Ra3 Nc4 33. Ra2 Nb3 34. Nxd3 Ncxd2 35. Rh1 gxf3 36. gxf3 Nxf3 37. Ke2 Nfd2 38. Nb4 f3+ 39. Kf2 Nxe4+ 40. Ke3 f2 41. Kxe4 f1=Q 42.
Rxf1 Rxf1 43. d6 Ra1 44. Kd5 Rxa2 45. Nxa2 Nc5 46. b4 Nd7 47. Ke6 Nf8+ 48. Ke7 e4 49. c4 e3 50. Nc1 Ng6+ 51. Ke6 Nf4+ 52. Ke7 e2 53. Nxe2 Nxe2 54. c5 bxc5 55. bxc5 Nd4 56. Kd7 a5 57. c6 Nxc6 0-1

[Event "*** Titled Tuesday Blitz"]
[Site "Chess.com"]
[Date "2020.05.26"]
[Round "3"]
[White "chenxiaoyuer"]
[Black "Alopekos"]
[Result "0-1"]
[WhiteElo "2310"]
[BlackElo "2514"]
[TimeControl "180+1"]
[EndTime "10:28:14 PDT"]
[Termination "Alopekos won by checkmate"]

1. e4 c5 2. Nf3 e6 3. d4 cxd4 4.
Nxd4 Nc6 5. Nc3 Qc7 6. Be3 a6 7. Be2 Nf6 8. O-O Bb4 9. Na4 O-O 10.
c4 Bd6 11. f4 Nxe4 12. c5 Nxc5 13. Nf5 exf5 14. Nxc5 Re8 15. Qd2 b6 16. Nd3 Bb7 17. Rac1 Qd8 18. Bf3 Na5 19. Bxb7 Nxb7 20. Qf2 b5 21.
Bd4 Bf8 22. Rfe1 Rxe1+ 23. Rxe1 Nd6 24. Qf3 Ne4 25. Nf2 d5 26. Nd3 Qa5 27. Rc1 Qa4 28. Qe3 Qxa2 29. Ne5 Re8 30. Rc7 Qb1+ 31. Rc1 Qa2 32.
Rc7 f6 33. Qf3 fxe5 34. Bxe5 Qb1+ 35. Qf1 Bc5+ 36. Rxc5 Qxf1+ 37. Kxf1 Nxc5 38. Bd4 Nd7 39. Bxg7 Kxg7 40. g4 fxg4 41. h4 Nf6 42. f5 Re4 43. h5 Rf4+ 44. Kg2 Nxh5 45. b4 Kf6 46. Kg1 Kxf5 47. Kg2 Rxb4 48. Kg1 Rb2 49. Kf1 a5 50. Ke1 a4 51. Kf1 a3 52. Ke1 a2 53. Kd1 a1=Q# 0-1

[Event "*** Titled Tuesday Blitz"]
[Site "Chess.com"]
[Date "2020.05.26"]
[Round "3"]
[White "OK97"]
[Black "davidkalashian"]
[Result "0-1"]
[WhiteElo "2784"]
[BlackElo "2619"]
[TimeControl "180+1"]
[EndTime "10:28:15 PDT"]
[Termination "davidkalashian won by checkmate"]

1. e4 c6 2. d4 g6 3. Nc3 Bg7 4. h4 h5 5. Be3 d5 6. e5 Nh6 7.
Qd2 Nf5 8. Bf4 Nd7 9. Nf3 Nf8 10. Bd3 Qb6 11. Na4 Qd8 12. c3 Ne6 13. Bxf5 gxf5 14. Bh2 f4 15. b3 Bh6 16. Nb2 Rg8 17. Rg1 Qa5 18. Nd3 Rg4 19. a4 Bd7 20. b4 Qc7 21.
a5 O-O-O 22. Nc5 Rdg8 23. Kf1 Nxc5 24. bxc5 Bf5 25. a6 Be4 26. Ne1 Rxh4 27. f3 Rxh2 28. fxe4 dxe4 29. Rb1 bxa6 30. Qe2 f3 31. Qxa6+ Kd8 32.
Rb7 Qc8 33. Qa5+ Ke8 34. Qxa7 fxg2+ 35. Rxg2 Qf5+ 36. Kg1 Rhxg2+ 37. Nxg2 Be3+ 38. Kh2 Bf4+ 39. Kg1 Be3+ 40. Kh2 Rxg2+ 41. Kxg2 Qg4+ 42. Kh2 Bf4+ 43. Kh1 Qh3+ 44. Kg1 Be3# 0-1